 Dungeon Crawl Stone Soup version 0.30.1-4-g462c640d31 (webtiles) character file.

Game seed: 1163840720181189604

1231 Graphine the Magician (level 8, -1/52 HPs)
             Began as a Human Necromancer on Sept 14, 2023.
             Was an Initiate of Gozag.
             Shot with an arrow by a centaur (8 damage)
             ... on level 5 of the Dungeon.
             The game lasted 00:14:35 (5716 turns).

Graphine the Magician (Human Necromancer)           Turns: 5716, Time: 00:14:36

Health: -1/52      AC:  4    Str: 14    XL:     8   Next: 77%
Magic:  1/17       EV: 14    Int: 14    God:    Gozag
Gold:   511        SH:  0    Dex: 14    Spells: 7/19 levels left

rFire   . . .        t - +5 morningstar (freeze)
rCold   + . .        (no shield)
rNeg    . . .        k - +0 robe {rC+}
rPois   .            l - +0 hat
rElec   .            (no cloak)
rCorr   .            h - +0 pair of gloves
SInv    .            r - +0 pair of boots
Will    .....        (no amulet)
Stlth   ++           (no ring)
HPRegen 0.28/turn    (no ring)
MPRegen 0.15/turn

%: no passive effects
@: sluggish, very slow
A: strong 1
a: Renounce Religion, Potion Petition, Call Merchant, Bribe Branch


You were on level 5 of the Dungeon.
You worshipped Gozag.
Gozag was pleased with you.
You visited 1 branch of the dungeon, and saw 5 of its levels.

You collected 542 gold pieces.
You paid 31 gold pieces to Gozag.

Inventory:

Hand Weapons
 t - a +5 morningstar of freezing (weapon)
 u - a +2 flail of venom
Missiles
 v - 2 throwing nets
Armour
 h - a +0 pair of gloves (worn)
 i - a +4 chain mail of positive energy
 k - a +0 robe of cold resistance (worn)
 l - a +0 hat (worn)
 q - a +0 tower shield
 r - a +0 pair of boots (worn)
Scrolls
 d - a scroll of amnesia
 g - a scroll of enchant armour {unknown}
 m - 2 scrolls of fear
 n - a scroll of magic mapping {unknown}
 p - a scroll of teleportation
 s - a scroll of noise {unknown}
 w - a scroll of identify
Potions
 a - a potion of brilliance {unknown}
 b - a potion of magic
 c - a potion of attraction {unknown}
 e - 2 potions of mutation
 f - a potion of flight {unknown}
 j - a potion of might {unknown}
 o - 2 potions of curing


   Skills:
 + Level 4.7 Dodging
 - Level 2.0 Stealth
 * Level 6.0 Spellcasting
 - Level 5.0 Necromancy
 * Level 5.3 Air Magic


You had 7 spell levels left.
You knew the following spells:

 Your Spells              Type           Power      Damage    Failure   Level
a - Necrotise             Necr           72%        1d7       1%          1
b - Vampiric Draining     Necr           18%        2d7       6%          3
c - Shock                 Conj/Air       44%        1d5       5%          1
d - Swiftness             Air            19%        N/A       5%          3
e - Airstrike             Air            9%         2d(2-18)  17%         4

Your spell library contained the following spells:

 Spells                   Type           Power      Damage    Failure   Level
 Agony                    Necr           18%        N/A       50%         5
 Animate Dead             Necr           Unusable   N/A       N/A         4

Dungeon Overview and Level Annotations

Branches:
Dungeon (5/15)
 Temple: D:4-7

Altars:
Ashenzari
Cheibriados
Gozag
Vehumet
Zin

Annotations:
D:4 1 runed translucent door, H0rd4k's ghost, amateur OpAr


Innate Abilities, Weirdness & Mutations

Your muscles are strong. (Str +4, Int/Dex -1)


Message History

The orc hits you but does no damage.
Casting: Shock (safe; 4% risk of failure)
Confirm with . or Enter, or press ? or * to list all spells.
Aiming: Shock (safe; 4% risk of failure)
Press: ? - help, Shift-Dir - straight line, f/p - centaur
Aim: a centaur, wielding a +0 shortbow (heavily wounded, 81% to hit)
The zap hits the centaur.
The centaur is severely wounded.
The centaur shoots an arrow.
The arrow barely misses you. The orc barely misses you.
The centaur shoots an arrow.
The arrow hits you!
Casting: Shock (safe; 4% risk of failure)
Confirm with . or Enter, or press ? or * to list all spells.
Aiming: Shock (safe; 4% risk of failure)
Press: ? - help, Shift-Dir - straight line, f/p - centaur
Aim: a centaur, wielding a +0 shortbow (severely wounded, 81% to hit)
The zap hits the centaur.
The centaur is severely wounded.
The centaur shoots an arrow.
The arrow closely misses you. The orc hits you with a +0 short sword.
The orc hits you but does no damage.
Casting: Shock (safe; 4% risk of failure)
Confirm with . or Enter, or press ? or * to list all spells.
Aiming: Vampiric Draining (dangerous; 5% risk of failure)
Press: ? - help, Shift-Dir - straight line, f - orc, p - centaur
Aim: an orc, wielding a +0 short sword You draw life force from the orc!
You kill the orc!
You feel life coursing into your body.
The centaur shoots an arrow.
The arrow completely misses you.
The centaur shoots an arrow.
The arrow hits you!
* * * LOW HITPOINT WARNING * * *
It was a potion of mutation.
You feel extremely strange.
You feel stronger.
The centaur shoots an arrow.
The arrow hits you!
* * * LOW HITPOINT WARNING * * *
It was a potion of curing.
You feel better.
You feel sluggish.
The centaur shoots an arrow.
The arrow hits you!
You die...
Your body crumbles into a pile of gold.

..#.... #.# #.#....
#.## ##.#.... #..##
##..#.... #....#...##
##...#.... #....#....#
#....#.... #....#....#
#....#....
#....#...######........
#..c.+@.###..###.......
#...#.###....###.#....
#...c.##......##.#....
#................#....
#......######...##....
##..)..# ###.......
#...?.# ########
#.....# #..>..#


You could see a centaur.

Vanquished Creatures
  Sigmund (D:4)
  Duvessa (D:5)
  Edmund (D:4)
  An ogre (D:4)
  A centaur (D:5)
  2 scorpions (D:5)
  3 wights (D:4)
  Dowan (D:5)
  An orc priest (D:4)
  3 hounds
  A gnoll bouda (D:5)
  7 gnolls
  7 adders
  A white imp (D:5)
  4 worms
  2 dart slugs
  8 orcs
  4 bats
  4 endoplasms
  A giant cockroach (D:4)
  12 goblins
  8 hobgoblins
  5 jackals
  3 quokkas
  6 ball pythons
  A frilled lizard (D:1)
  3 kobolds
  5 rats
97 creatures vanquished.

Vanquished Creatures (collateral kills)
  A frilled lizard (D:2)
  A rat (D:1)
2 creatures vanquished.

Grand Total: 99 creatures vanquished

Notes
Turn   | Place    | Note
-------+----------+-------------------------------------------
     0 | D:1      | Graphine the Human Necromancer began the quest for the Orb.
     0 | D:1      | Reached XP level 1. HP: 13/13 MP: 3/3
   234 | D:1      | Reached XP level 2. HP: 19/19 MP: 1/5
   793 | D:1      | Reached XP level 3. HP: 24/24 MP: 1/6
   923 | D:1      | Learned a level 3 spell: Vampiric Draining
  1219 | D:2      | Found a glowing silver altar of Zin.
  1467 | D:2      | Reached XP level 4. HP: 23/30 MP: 1/8
  1914 | D:2      | Found a faded altar of an unknown god.
  1944 | D:2      | Reached skill level 3 in Spellcasting
  2504 | D:3      | Found an opulent altar of Gozag.
  2523 | D:3      | Became a worshipper of Gozag Ym Sagoz the Greedy
  2585 | D:3      | Reached XP level 5. HP: 31/35 MP: 0/9
  3103 | D:4      | Noticed H0rd4k's ghost (amateur OpAr)
  3103 | D:4      | Found a runed translucent door.
  3112 | D:4      | Noticed an ogre
  3118 | D:4      | Killed an ogre
  3119 | D:4      | Reached skill level 5 in Necromancy
  3119 | D:4      | Reached skill level 1 in Air Magic
  3119 | D:4      | Reached XP level 6. HP: 36/41 MP: 4/11
  3123 | D:4      | Learned a level 1 spell: Shock
  3343 | D:4      | Reached skill level 4 in Spellcasting
  3370 | D:4      | Reached XP level 7. HP: 13/46 MP: 7/13
  3742 | D:4      | Learned a level 3 spell: Swiftness
  3747 | D:4      | Learned a level 4 spell: Airstrike
  3835 | D:4      | Noticed Sigmund
  3847 | D:4      | Killed Sigmund
  3914 | D:4      | Noticed Edmund
  4079 | D:4      | Killed Edmund
  4080 | D:4      | Reached skill level 5 in Spellcasting
  4187 | D:4      | Reached XP level 8. HP: 52/52 MP: 4/15
  4273 | D:4      | Found a broken altar of Ashenzari.
  4273 | D:4      | Found a snail-covered altar of Cheibriados.
  4658 | D:5      | Entered Level 5 of the Dungeon
  5427 | D:5      | Found a radiant altar of Vehumet.
  5496 | D:5      | Noticed Dowan
  5498 | D:5      | Noticed Duvessa
  5551 | D:5      | Killed Duvessa
  5552 | D:5      | Reached skill level 5 in Air Magic
  5552 | D:5      | Killed Dowan
  5706 | D:5      | Reached skill level 6 in Spellcasting
  5714 | D:5      | Gained mutation: Your muscles are strong. (Str +4, Int/Dex
                  | -1) [potion of mutation]
  5714 | D:5      | HP: 1/52 [centaur/arrow (9)]
  5716 | D:5      | Shot with an arrow by a centaur

Illustrated notes

Levels and vault maps discovered:
D:1:      onia_arrival_handbag, layout_basic, minmay_misc_feat_cross,
          dk_noncrumbling_2, nicolae_titane
D:2:      layout_loops_corners, basic_altar,
          hellmonk_ecumenical_altar_heavens_door, minmay_hedge_maze
D:3:      layout_rooms, overflow_temple_1_default
D:4:      layout_loops_cross, gammafunk_temple_overflow_wave,
          gammafunk_ghost_grave, sigmund_edmund_badplayer
D:5:      layout_basic, lemuel_tele_altar, minivault_19, uniq_duvessa

Skill      XL: |  1  2  3  4  5  6  7  8 |
---------------+-------------------------+-----
Spellcasting   | 3 4 5 6 |  6.0
Dodging        | 3 4 |  4.7
Necromancy     | 5 |  5.0
Air Magic      | 1 2 4 5 |  5.3
Stealth        | |  2.0

Action                     |  1- 3 |  4- 6 |  7- 9 || total
---------------------------+-------+-------+-------++-------
  Melee: Unarmed           |     2 |       |       ||     2
         Short sword       |    31 |       |       ||    31
         Mace              |       |    13 |       ||    13
         Morningstar       |       |     6 |    47 ||    53
   Cast: Necrotise         |    53 |    66 |     2 ||   121
         Vampiric Draining |     2 |     1 |     5 ||     8
         Shock             |       |    12 |    85 ||    97
         Swiftness         |       |       |     3 ||     3
         Airstrike         |       |       |     2 ||     2
    Use: Scroll            |     2 |     1 |     2 ||     5
         Potion            |       |       |     2 ||     2
   Stab: Sleeping          |     1 |       |       ||     1
 Armour: Robe              |    18 |     6 |     9 ||    33
  Dodge: Dodged            |    52 |    27 |    50 ||   129
